 Dungeon Crawl Stone Soup version 0.28-a0-429-g1448048969 (webtiles) character file.

Game seed: 11423300987148487578

94 siradein the Grave Robber (level 4, 0/27 (36) HPs)
             Began as a Deep Dwarf Necromancer on Sept 10, 2021.
             Slain by a necrophage (2 damage)
             ... on level 3 of the Dungeon.
             The game lasted 00:10:44 (3182 turns).

siradein the Grave Robber (Deep Dwarf Necromancer)  Turns: 3182, Time: 00:10:46

HP:   0/27 (36)     AC:  5    Str: 11    XL:     4   Next: 38%
MP:   8/8           EV: 12    Int: 17    God:
Gold: 43            SH:  0    Dex: 13    Spells: 2/9 levels left

rFire   . . .      SeeInvis .   j - +0 hand axe
rCold   . . .      Faith    .   (no shield)
rNeg    . . .      Spirit   .   a - +0 robe
rPois   .          Reflect  .   g - +2 helmet
rElec   .          Harm     .   (no cloak)
rCorr   .          Rampage  .   (no gloves)
Will    .....                   (no boots)
Stlth   ++........              (no amulet)
HPRegen 0.00/turn               (no ring)
MPRegen 0.11/turn               (no ring)

@: very heavily drained
A: damage resistance, heal wounds, sense surroundings 1, no regeneration
a: Heal Wounds


You were on level 3 of the Dungeon.
You visited 1 branch of the dungeon, and saw 3 of its levels.

You collected 43 gold pieces.

Inventory:

Hand Weapons
 j - a +0 hand axe (weapon)
Armour
 a - a +0 robe (worn)
 g - a +2 helmet (worn)
Jewellery
 l - an amulet of faith
Scrolls
 b - 3 scrolls of fear {unknown}
 d - 3 scrolls of noise {unknown}
 e - a scroll of enchant weapon {unknown}
 f - a scroll of blinking {unknown}
 h - a scroll of holy word {unknown}
 i - a scroll of teleportation {unknown}
 k - a scroll of identify {unknown}
Potions
 c - a potion of berserk rage {unknown}


   Skills:
 - Level 2.1 Dodging
 - Level 2.4 Stealth
 + Level 3.0 Spellcasting
 + Level 5.5 Necromancy


You had 2 spell levels left.
You knew the following spells:

 Your Spells              Type           Power      Damage    Failure   Level
a - Pain                  Necr           84%        1d8       1%          1
b - Animate Skeleton      Necr           42%        N/A       1%          1
c - Vampiric Draining     Necr           10%        2d7       5%          3
d - Sublimation of Blood  Necr           10%        N/A       2%          2

Your spell library contained the following spells:

 Spells                   Type           Power      Damage    Failure   Level
 Wereblood                Tmut           2%         N/A       26%         2
 Animate Dead             Necr           10%        N/A       19%         4
 Agony                    Necr           21%        N/A       45%         5
 Summon Hydra             Summ           1%         N/A       100%        7


Dungeon Overview and Level Annotations

Branches:
Dungeon (3/15)

Altars:

Shops:
D:3 =[*


Innate Abilities, Weirdness & Mutations

You are resistant to damage.
You can heal yourself by infusing magical energy.
You passively map a small area around you.
You do not regenerate.


Message History

The necrophage completely misses you.
You barely miss the necrophage.
The necrophage is severely damaged.
The necrophage closely misses you.
You barely miss the necrophage.
The necrophage is severely damaged.
The necrophage hits you. x2
You are too injured to fight recklessly!
You are too injured to fight recklessly!
You are too injured to fight recklessly!
You are too injured to fight recklessly!
You hit the necrophage but do no damage.
The necrophage is severely damaged.
The necrophage hits you.
You barely miss the necrophage.
The necrophage is severely damaged.
The necrophage hits you but does no damage.
You closely miss the necrophage.
The necrophage is severely damaged.
The necrophage completely misses you.
You barely miss the necrophage.
The necrophage is severely damaged.
The necrophage misses you.
The necrophage hits you but does no damage.
You hit the necrophage.
The necrophage is severely damaged.
The necrophage hits you but does no damage.
You hit the necrophage.
The necrophage is severely damaged.
The necrophage hits you.
* * * LOW HITPOINT WARNING * * *
You feel drained.
You closely miss the necrophage.
The necrophage is severely damaged.
The necrophage hits you.
* * * LOW HITPOINT WARNING * * *
The necrophage hits you!
* * * LOW HITPOINT WARNING * * *
You feel drained.
You die...

#####
##...###.###...## ###
#.# ######.....#####
,..# #.#
##.###.##.#..# #., #.#
#.## ###......####..#
#..##.# #...
#........##....#
#.....# ####
####.#....####.#.##
##.* #<##
.....##...####.#.# #.#
##.#####
#######..).....#.# #.#
#...... #.........@#
#.## ##.#####
##.######.n# #..###.##
#.# #..# #......# #.#
#..# #..#.#.# #.#
#..####....).# #.#
#............# ##.##
#...........##
#...########.......###
#.#..........#.......#


You could see a necrophage.

Vanquished Creatures
  2 adders
  2 worms
  4 dart slugs
  An orc (D:3)
  5 endoplasms
  5 giant cockroaches
  4 goblins
  5 hobgoblins
  2 jackals (D:2)
  A quokka (D:3)
  5 ball pythons
  7 bats
  3 frilled lizards
  8 kobolds
  7 rats
61 creatures vanquished.

Vanquished Creatures (others)
  A plant (D:3)
1 creature vanquished.

Grand Total: 62 creatures vanquished

Notes
Turn   | Place    | Note
-------+----------+-------------------------------------------
     0 | D:1      | siradein the Deep Dwarf Necromancer began the quest for the
                  | Orb.
     0 | D:1      | Reached XP level 1. HP: 15/15 MP: 3/3
   171 | D:1      | Reached XP level 2. HP: 17/22 MP: 0/5
   262 | D:1      | Learned a level 1 spell: Animate Skeleton
   624 | D:1      | Found a faded altar of an unknown god.
   977 | D:2      | Reached skill level 5 in Necromancy
   977 | D:2      | Reached XP level 3. HP: 22/28 MP: 1/6
   981 | D:2      | Learned a level 3 spell: Vampiric Draining
  2062 | D:3      | Noticed a necrophage
  2338 | D:3      | Reached XP level 4. HP: 35/36 MP: 6/8
  2344 | D:3      | Learned a level 2 spell: Sublimation of Blood
  2650 | D:3      | Found Cued's Antique Armour Shoppe.
  2971 | D:3      | Found Odghaboil's Jewellery Boutique.
  2990 | D:3      | Found Losseuhe's Assorted Antiques.
  3182 | D:3      | Slain by a necrophage

Illustrated notes

Levels and vault maps discovered:
D:1:      eino_arrival_cavern_d, layout_rooms, shapermc_ecumenical_altar_gd,
          item_on_display_a
D:2:      layout_basic, serial_bayou_crossing
D:3:      minmay_octagon_keep, layout_loops_ring, serial_shops, shop, shop,
          nicolae_shop_overgrown_old_shop

Skill      XL: |  1  2  3  4 |
---------------+-------------+-----
Spellcasting   | 2 3 |  3.0
Necromancy     | 5 |  5.5
Dodging        | |  2.1
Stealth        | |  2.4

Action                   |  1- 3 |  4- 6 || total
-------------------------+-------+-------++-------
Melee: Unarmed           |     6 |       ||     6
       Hand axe          |       |    40 ||    40
 Cast: Pain              |    82 |    17 ||    99
       Vampiric Draining |     3 |     7 ||    10
 Stab: Sleeping          |       |     1 ||     1
Armor: Robe              |     8 |    13 ||    21
Dodge: Dodged            |     3 |    26 ||    29

Table legend: (Time is in decaauts)
 A = Elapsed time spent in this place.
 B = Non-inter-level travel time spent in this place.
 C = Inter-level travel time spent in this place.
 D = Time resting spent in this place.
 E = Time spent auto-exploring this place.
 F = Levels seen in this place.
 G = Mean time per level.
                   A        B        C        D        E       F      G
               +--------+--------+--------+--------+--------+-----+--------+
         Total |   3200 |   3172 |     28 |    136 |   2543 |   3 | 1066.7 |
       Dungeon |   3200 |   3172 |     28 |    136 |   2543 |   3 | 1066.7 |
               +--------+--------+--------+--------+--------+-----+--------+

Top non-repeatable levels by time:
     D:2: 1276 daAuts
     D:3: 1111 daAuts
     D:1: 812 daAuts
